BSA
KANSAS CITY KINGS @ AUSTIN RIVER SHARKS
07/06/2030
 
TOP OF THE 1ST
Kansas City Kings batting - Pitching for Austin River Sharks : RHP Brian Just
Pitching: RHP Brian Just
Batting: RHB Chris Chandler 0-0: Called Strike
0-1: Ball
1-1: Ball
2-1: Foul Ball, location: 2F
2-2: SINGLE (Line Drive, 56D)
Batting: RHB Cy Keynes 0-0: Called Strike
0-1: Ball
1-1: Foul Ball, location: 2F
1-2: Foul Ball, location: 2F
1-2: Foul Ball, location: 2F
1-2: Ball
2-2: Ball
3-2: Grounds into double play, 5-4-3 (Groundball, 5)
Batting: RHB Dave Parker 0-0: Called Strike
0-1: Ball
1-1: Called Strike
1-2: Ground out U3 (Groundball, 34)
Top of the 1st over - 0 runs, 1 hit, 0 errors, 0 left on base; Kansas City 0 - Austin 0
BOTTOM OF THE 1ST
Austin River Sharks batting - Pitching for Kansas City Kings : LHP Osvaldo Cruz
Pitching: LHP Osvaldo Cruz
Batting: LHB Enrico Vargas 0-0: Called Strike
0-1: Swinging Strike
0-2: Strikes out swinging
Batting: RHB Richard Coker 0-0: Ball
1-0: SINGLE (Groundball, 6MD)
Batting: RHB Edward Young 0-0: 2-RUN HOME RUN (Flyball, 7LD), Distance : 458 ft
Batting: LHB Fred Abrams 0-0: Ball
1-0: Called Strike
1-1: Ball
2-1: SINGLE (Line Drive, 6M)
Batting: RHB Tony Cruz 0-0: Ball
1-0: Ball
2-0: SINGLE (Groundball, 4MD)
Fred Abrams to second
Batting: RHB Jack Bailey 0-0: Ball
1-0: Called Strike
1-1: Foul Ball, location: 2F
1-2: Strikes out swinging
Batting: RHB Andy Aiton 0-0: Foul Ball, location: 2F
0-1: DOUBLE (Groundball, 5L)
Fred Abrams scores
Tony Cruz to third
Runner from 3rd tries for Home, SAFE, no throw
Batting: RHB Paul Swift 0-0: Ball
1-0: Called Strike
1-1: Ball
Passed Ball!
Andy Aiton to third
2-1: Fly out, F9 (Flyball, 89S)
Bottom of the 1st over - 4 runs, 5 hits, 0 errors, 1 left on base; Kansas City 0 - Austin 4
TOP OF THE 2ND
Kansas City Kings batting - Pitching for Austin River Sharks : RHP Brian Just
Batting: SHB Douglas Taylor 0-0: Ball
1-0: Ball
2-0: Ball
3-0: Base on Balls
Batting: RHB Toshimichi Kono 0-0: Grounds into double play, 6-4-3 (Groundball, 6)
Batting: RHB Jeremy Carr 0-0: Ball
1-0: Called Strike
1-1: Swinging Strike
1-2: Foul Ball, location: 2F
1-2: Foul Ball, location: 2F
1-2: Ball
2-2: Fly out, F5 (Line Drive, 5S)
Top of the 2nd over - 0 runs, 0 hits, 0 errors, 0 left on base; Kansas City 0 - Austin 4
BOTTOM OF THE 2ND
Austin River Sharks batting - Pitching for Kansas City Kings : LHP Osvaldo Cruz
Batting: LHB José Liñares 0-0: Swinging Strike
0-1: Foul Ball, location: 2F
0-2: Ball
1-2: Ball
2-2: Foul Ball, location: 2F
2-2: Ball
3-2: Foul Ball, location: 2F
3-2: Foul Ball, location: 2F
3-2: Base on Balls
Batting: LHB Enrico Vargas 0-0: Foul Ball, location: 2F
0-1: Ball
1-1: Fly out, F7 (Flyball, 7S)
Batting: RHB Richard Coker 0-0: Ball
1-0: Called Strike
1-1: Foul Ball, location: 2F
1-2: Fly out, F9 (Flyball, 9LM)
Batting: RHB Edward Young 0-0: Called Strike
0-1: Foul Ball, location: 2F
0-2: SINGLE (Groundball, 5D)
José Liñares to second
Batting: LHB Fred Abrams 0-0: Fly out, F9 (Flyball, 9)
Bottom of the 2nd over - 0 runs, 1 hit, 0 errors, 2 left on base; Kansas City 0 - Austin 4
TOP OF THE 3RD
Kansas City Kings batting - Pitching for Austin River Sharks : RHP Brian Just
Batting: RHB John Anderson 0-0: Called Strike
0-1: Ground out 6-3 (Groundball, 6)
Batting: SHB Álex Hernández 0-0: Ball
1-0: Ground out 6-3 (Groundball, 6)
Batting: RHB Oliver Lugo 0-0: Swinging Strike
0-1: Called Strike
0-2: Ball
1-2: Strikes out swinging
Top of the 3rd over - 0 runs, 0 hits, 0 errors, 0 left on base; Kansas City 0 - Austin 4
BOTTOM OF THE 3RD
Austin River Sharks batting - Pitching for Kansas City Kings : LHP Osvaldo Cruz
Batting: RHB Tony Cruz 0-0: Ground out 6-3 (Groundball, 6)
Batting: RHB Jack Bailey 0-0: Called Strike
0-1: Ball
1-1: Ball
2-1: Swinging Strike
2-2: Strikes out swinging
Batting: RHB Andy Aiton 0-0: Ball
1-0: Called Strike
1-1: Fly out, F4 (Flyball, 34D)
Bottom of the 3rd over - 0 runs, 0 hits, 0 errors, 0 left on base; Kansas City 0 - Austin 4
TOP OF THE 4TH
Kansas City Kings batting - Pitching for Austin River Sharks : RHP Brian Just
Batting: RHB Chris Chandler 0-0: Called Strike
0-1: Ground out 5-3 (Groundball, 56)
Batting: RHB Cy Keynes 0-0: Called Strike
0-1: Called Strike
0-2: Ball
1-2: Ball
2-2: Ball
3-2: DOUBLE (Groundball, 5L)
Batting: RHB Dave Parker 0-0: Ball
1-0: Called Strike
1-1: Fly out, F9 (Flyball, 9)
Runner from 2nd tags up, SAFE at 3rd with throw
Batting: SHB Douglas Taylor 0-0: Ground out 6-3 (Groundball, 6)
Top of the 4th over - 0 runs, 1 hit, 0 errors, 1 left on base; Kansas City 0 - Austin 4
BOTTOM OF THE 4TH
Austin River Sharks batting - Pitching for Kansas City Kings : LHP Osvaldo Cruz
Batting: RHB Paul Swift 0-0: Called Strike
0-1: Ground out 5-3 (Groundball, 5)
Batting: LHB José Liñares 0-0: Called Strike
0-1: Foul Ball, location: 2F
0-2: Ball
1-2: Ground out 5-3 (Groundball, 5)
Batting: LHB Enrico Vargas 0-0: Ball
1-0: Swinging Strike
1-1: Ball
2-1: Foul Ball, location: 2F
2-2: Ball
3-2: Strikes out swinging
Bottom of the 4th over - 0 runs, 0 hits, 0 errors, 0 left on base; Kansas City 0 - Austin 4
TOP OF THE 5TH
Kansas City Kings batting - Pitching for Austin River Sharks : RHP Brian Just
Batting: RHB Toshimichi Kono 0-0: Foul Ball, location: 2F
0-1: SINGLE (Groundball, 3D)
Batting: RHB Jeremy Carr 0-0: Called Strike
0-1: Called Strike
0-2: Ball
Wild Pitch!
Toshimichi Kono to second
1-2: Ball
2-2: Strikes out swinging
Batting: RHB John Anderson 0-0: Swinging Strike
0-1: Foul Ball, location: 2F
0-2: Ball
1-2: Foul Ball, location: 2F
1-2: SINGLE (Groundball, 4MD)
Toshimichi Kono to third
Runner from 3rd tries for Home, SAFE, throw made home
Batting: SHB Álex Hernández 0-0: DOUBLE (Line Drive, 7LD)
John Anderson to third
Runner from 3rd tries for Home, SAFE, no throw
Batting: RHB Oliver Lugo 0-0: Called Strike
0-1: Swinging Strike
0-2: Strikes out looking
Batting: RHB Chris Chandler 0-0: Called Strike
0-1: Ball
1-1: Ball
2-1: Foul Ball, location: 2F
2-2: 2-RUN HOME RUN (Flyball, 7LD), Distance : 368 ft
Batting: RHB Cy Keynes 0-0: Ball
1-0: Called Strike
1-1: Called Strike
1-2: SINGLE (Flyball, 9S)
Batting: RHB Dave Parker 0-0: Fly out, F5 (Popup, 5)
Top of the 5th over - 4 runs, 5 hits, 0 errors, 1 left on base; Kansas City 4 - Austin 4
BOTTOM OF THE 5TH
Austin River Sharks batting - Pitching for Kansas City Kings : LHP Osvaldo Cruz
Batting: RHB Richard Coker 0-0: Foul Ball, location: 2F
0-1: DOUBLE (Flyball, 89XD)
Batting: RHB Edward Young 0-0: Ball
1-0: Ball
2-0: Called Strike
2-1: Ball
3-1: Foul Ball, location: 2F
3-2: SINGLE (Line Drive, 6MD)
Richard Coker to third
Runner from 3rd tries for Home, SAFE, no throw
Pitching: LHP Rob Lucas
Batting: LHB Fred Abrams 0-0: Called Strike
0-1: Foul Ball, location: 2F
0-2: 2-RUN HOME RUN (Flyball, 9LD), Distance : 371 ft
Batting: RHB Tony Cruz 0-0: Ball
1-0: Foul Ball, location: 2F
1-1: Ball
2-1: Swinging Strike
2-2: Ball
3-2: Base on Balls
Batting: RHB Jack Bailey 0-0: SINGLE (Groundball, 6D)
Tony Cruz to second
Batting: RHB Andy Aiton 0-0: Called Strike
0-1: Called Strike
0-2: Foul Ball, location: 2F
0-2: Strikes out swinging
Batting: RHB Paul Swift 0-0: Called Strike
0-1: Fly out, F7 (Flyball, 7LSF)
Batting: LHB José Liñares 0-0: Ball
1-0: Swinging Strike
1-1: Ball
2-1: Foul Ball, location: 2F
2-2: Foul Ball, location: 2F
2-2: Strikes out swinging
Bottom of the 5th over - 3 runs, 4 hits, 0 errors, 2 left on base; Kansas City 4 - Austin 7
TOP OF THE 6TH
Kansas City Kings batting - Pitching for Austin River Sharks : RHP Brian Just
Batting: SHB Douglas Taylor 0-0: Ground out 5-3 (Groundball, 56)
Batting: RHB Toshimichi Kono 0-0: Fly out, F9 (Flyball, 9)
Batting: RHB Jeremy Carr 0-0: Ball
1-0: Ball
2-0: Foul Ball, location: 2F
2-1: Ball
3-1: Base on Balls
Batting: RHB John Anderson 0-0: Called Strike
0-1: Foul Ball, location: 2F
0-2: Ball
1-2: Ball
2-2: Strikes out swinging, 2-3 out at first.
Top of the 6th over - 0 runs, 0 hits, 0 errors, 1 left on base; Kansas City 4 - Austin 7
BOTTOM OF THE 6TH
Austin River Sharks batting - Pitching for Kansas City Kings : LHP Rob Lucas
Batting: LHB Enrico Vargas 0-0: Called Strike
0-1: Ground out U3 (Groundball, 3)
Batting: RHB Richard Coker 0-0: Ball
1-0: Foul Ball, location: 2F
1-1: Ball
2-1: Foul Ball, location: 2F
2-2: Ball
3-2: Strikes out looking
Batting: RHB Edward Young 0-0: Ball
1-0: Ball
2-0: Ball
3-0: Called Strike
3-1: Base on Balls
Batting: LHB Fred Abrams 0-0: Ball
1-0: Foul Ball, location: 2F
1-1: Ball
2-1: Ball
3-1: Fly out, F9 (Flyball, 89S)
Bottom of the 6th over - 0 runs, 0 hits, 0 errors, 1 left on base; Kansas City 4 - Austin 7
TOP OF THE 7TH
Kansas City Kings batting - Pitching for Austin River Sharks : RHP Brian Just
Pitching: RHP Junior Mateo
Batting: SHB Álex Hernández 0-0: Called Strike
0-1: Reached on error, E5 (Groundball, 56)
Batting: RHB Oliver Lugo 0-0: Ball
Álex Hernández steals 2nd base
1-0: Foul Ball, location: 2F
1-1: SINGLE (Line Drive, 34)
Álex Hernández to third
Batting: RHB Chris Chandler 0-0: Ball
1-0: Ball
2-0: 3-RUN HOME RUN (Flyball, 7LD), Distance : 378 ft
Pitching: LHP Manuel Gil
Batting: RHB Cy Keynes 0-0: Ball
1-0: Swinging Strike
1-1: Ground out 5-3 (Groundball, 56)
Batting: RHB Dave Parker 0-0: Foul Ball, location: 2F
0-1: Swinging Strike
0-2: Ground out 4-3 (Groundball, 4)
Batting: SHB Douglas Taylor 0-0: Called Strike
0-1: Foul Ball, location: 2F
0-2: Ball
1-2: Ball
2-2: SINGLE (Groundball, 6D)
Batting: RHB Toshimichi Kono 0-0: Ball
1-0: Ball
2-0: Fielders Choice at 2nd, U6 (Groundball, 6M)
Top of the 7th over - 3 runs, 3 hits, 1 error, 1 left on base; Kansas City 7 - Austin 7
BOTTOM OF THE 7TH
Austin River Sharks batting - Pitching for Kansas City Kings : LHP Rob Lucas
Batting: RHB Tony Cruz 0-0: Called Strike
0-1: Foul Ball, location: 2F
0-2: Ball
1-2: Ball
2-2: Ground out 5-3 (Groundball, 5)
Batting: RHB Jack Bailey 0-0: Ball
1-0: Swinging Strike
1-1: Ball
2-1: DOUBLE (Line Drive, 7LS)
Batting: RHB Andy Aiton 0-0: Ball
1-0: 2-RUN HOME RUN (Flyball, 7LD), Distance : 384 ft
Pitching: RHP Vinícius Itaquy
Batting: RHB Paul Swift 0-0: Ball
1-0: Fly out, F3 (Popup, 3SF)
Batting: LHB José Liñares 0-0: Ball
1-0: Ball
2-0: Ball
3-0: Called Strike
3-1: Foul Ball, location: 2F
3-2: SINGLE (Groundball, 34D)
Batting: LHB Enrico Vargas 0-0: Ball
José Liñares is caught stealing 2nd base
Bottom of the 7th over - 2 runs, 3 hits, 0 errors, 0 left on base; Kansas City 7 - Austin 9
TOP OF THE 8TH
Kansas City Kings batting - Pitching for Austin River Sharks : LHP Manuel Gil
Batting: RHB Jeremy Carr 0-0: Ball
1-0: Foul Ball, location: 2F
1-1: Ball
2-1: SINGLE (Flyball, 8LS)
Batting: RHB John Anderson 0-0: Ball
1-0: Called Strike
1-1: Ball
2-1: Foul Ball, location: 2F
2-2: Foul Ball, location: 2F
2-2: Ball
3-2: Fly out, F9 (Flyball, 9D)
Batting: SHB Álex Hernández 0-0: Ball
1-0: Swinging Strike
1-1: Ball
2-1: Ball
3-1: Foul Ball, location: 2F
3-2: DOUBLE (Line Drive, 7LM)
Jeremy Carr to third
Pitching: RHP Jorge Delgado
Batting: RHB Oliver Lugo 0-0: Called Strike
0-1: Called Strike
0-2: Foul Ball, location: 2F
0-2: Ball
1-2: Strikes out swinging
Batting: RHB Chris Chandler 0-0: Ball
1-0: Ball
2-0: Ball
3-0: Base on Balls
Batting: RHB Cy Keynes 0-0: Ball
1-0: Ball
2-0: Foul Ball, location: 2F
2-1: Ground out 4-3 (Groundball, 4)
Top of the 8th over - 0 runs, 2 hits, 0 errors, 3 left on base; Kansas City 7 - Austin 9
BOTTOM OF THE 8TH
Austin River Sharks batting - Pitching for Kansas City Kings : RHP Vinícius Itaquy
Batting: LHB Enrico Vargas 0-0: Ball
1-0: Swinging Strike
1-1: Called Strike
1-2: SINGLE (Groundball, 34D)
Batting: RHB Richard Coker 0-0: Ball
1-0: Foul Ball, location: 2F
1-1: Ball
2-1: Foul Ball, location: 2F
2-2: Strikes out swinging
Batting: RHB Edward Young 0-0: Called Strike
0-1: Swinging Strike
0-2: Reached on error, E6 (Groundball, 6)
Enrico Vargas to second
Batting: LHB Fred Abrams 0-0: Called Strike
0-1: Grounds into double play, 4-6-3 (Groundball, 4)
Bottom of the 8th over - 0 runs, 1 hit, 1 error, 1 left on base; Kansas City 7 - Austin 9
TOP OF THE 9TH
Kansas City Kings batting - Pitching for Austin River Sharks : RHP Jorge Delgado
Pitching: RHP Paco Gutiérrez
Batting: RHB Dave Parker 0-0: Swinging Strike
0-1: Called Strike
0-2: Strikes out swinging
Batting: SHB Douglas Taylor 0-0: Foul Ball, location: 2F
0-1: Swinging Strike
0-2: Strikes out swinging
Batting: RHB Toshimichi Kono 0-0: Ball
1-0: SINGLE (Groundball, 56D)
Batting: RHB Jeremy Carr 0-0: Called Strike
0-1: Ball
1-1: Ball
2-1: Foul Ball, location: 2F
2-2: Ball
3-2: Foul Ball, location: 2F
3-2: Strikes out swinging
Top of the 9th over - 0 runs, 1 hit, 0 errors, 1 left on base; Kansas City 7 - Austin 9
Saturday, April 7th, 2018 - OOTP Baseball 18.8 Build 76